 Dungeon Crawl Stone Soup version 0.28-a0-206-gc2c9e32840 (webtiles) character file.

Game seed: 8815226659697214308

112 zazu2006 the Magician (level 4, -1/36 HPs)
             Began as a Naga Hedge Wizard on Aug 20, 2021.
             Slain by an iguana (4 damage)
             ... on level 3 of the Dungeon.
             The game lasted 00:03:50 (3457 turns).

zazu2006 the Magician (Naga Hedge Wizard)           Turns: 3457, Time: 00:03:51

Health: -1/36      AC:  2    Str: 13    XL:     4   Next: 93%
Magic:  8/10       EV:  9    Int: 15    God:
Gold:   83         SH:  0    Dex: 10    Spells: 2/11 levels left

rFire   . . .      SeeInvis +   j - +1 short sword (venom)
rCold   . . .      Faith    .   (no shield)
rNeg    . . .      Spirit   .   e - +0 leather armour
rPois   +          Reflect  .   c - +0 hat
rElec   .          Harm     .   (no cloak)
rCorr   .          Rampage  .   (no gloves)
Will    .....                   (no barding)
Stlth   ++........              (no amulet)
HPRegen 0.12/turn               (no ring)
MPRegen 0.12/turn               (no ring)

@: very slow
A: AC +1, large, see invisible, deformed body, poison resistance, slowness 2,
spit poison 1, naga tail 1
a: Spit Poison


You were on level 3 of the Dungeon.
You visited 1 branch of the dungeon, and saw 3 of its levels.

You collected 83 gold pieces.

Inventory:

Hand Weapons
 j - a +1 short sword of venom (weapon)
 l - a +3 short sword of draining
Missiles
 a - a throwing net
Armour
 c - a +0 hat (worn)
 e - a +0 leather armour (worn)
Scrolls
 b - a scroll of enchant weapon {unknown}
 d - 4 scrolls of identify {unknown}
 f - a scroll of vulnerability {unknown}
 k - 2 scrolls of teleportation {unknown}
Potions
 g - a potion of lignification {unknown}
 h - a potion of attraction {unknown}
 i - 2 potions of curing {unknown}
 m - 2 potions of heal wounds {unknown}


   Skills:
 + Level 0.1 Fighting
 + Level 0.9 Armour
 + Level 1.8 Dodging
 + Level 3.0 Stealth
 + Level 4.3 Spellcasting
 + Level 2.1 Conjurations
 + Level 1.0 Summonings
 + Level 1.0 Translocations
 * Level 0.8 Poison Magic


You had 2 spell levels left.
You knew the following spells:

 Your Spells              Type           Power      Damage    Failure   Level
a - Magic Dart            Conj           36%        1d4       10%         1
b - Mephitic Cloud        Conj/Pois/Air  6%         N/A       41%         3
c - Conjure Flame         Conj/Fire      6%         6-21      41%         3
d - Blink                 Tloc           N/A        N/A       22%         2

Your spell library contained the following spells:

 Spells                   Type           Power      Damage    Failure   Level
 Call Imp                 Summ           6%         N/A       22%         2
 Passwall                 Tmut/Erth      2%         N/A       34%         2
 Slow                     Hex            3%         N/A       34%         2
 Swiftness                Air            3%         N/A       56%         3
 Invisibility             Hex            1%         N/A       100%        6


Dungeon Overview and Level Annotations

Branches:
Dungeon (3/15)

Altars:


Innate Abilities, Weirdness & Mutations

Your serpentine skin is tough. (AC +1)
You have supernaturally acute eyesight. (SInv)
Armour fits poorly on your strangely shaped body.
Your system is resistant to poisons. (rPois)
You cover ground very slowly.
You can spit poison.
You have a snake-like lower body.


Message History

Unknown command.
Casting: Magic Dart (safe; 10% risk of failure)
Confirm with . or Enter, or press ? or * to list all spells.
You can't see any susceptible monsters within range! (Use Z to cast anyway.)
Casting: Magic Dart (safe; 10% risk of failure)
Confirm with . or Enter, or press ? or * to list all spells.
Aiming: Magic Dart (safe; 10% risk of failure)
Press: ? - help, Shift-Dir - straight line, f/p - iguana
Aim: an iguana (lightly wounded, 100% to hit)
The magic dart hits the iguana but does no damage.
The iguana is lightly wounded.
Casting: Magic Dart (safe; 10% risk of failure)
Confirm with . or Enter, or press ? or * to list all spells.
Aiming: Magic Dart (safe; 10% risk of failure)
Press: ? - help, Shift-Dir - straight line, f/p - iguana
Aim: an iguana (lightly wounded, 100% to hit)
The magic dart hits the iguana but does no damage.
The iguana is lightly wounded.
Casting: Magic Dart (safe; 10% risk of failure)
Confirm with . or Enter, or press ? or * to list all spells.
Aiming: Magic Dart (safe; 10% risk of failure)
Press: ? - help, Shift-Dir - straight line, p - iguana The magic dart hits the iguana.
The iguana is moderately wounded.
The iguana bites you! The iguana bites you.
You barely miss the iguana.
The iguana is moderately wounded.
The iguana barely misses you.
You hit the iguana.
The iguana is poisoned.
The iguana is heavily wounded.
The iguana bites you!
You completely miss the iguana.
The iguana is heavily wounded.
The iguana bites you.
You hit the iguana.
The iguana is severely wounded.
The iguana bites you!
* * * LOW HITPOINT WARNING * * *
The iguana bites you.
You die...

##......######
#.#......#
######.##.##.#
#.........# .#
#.##.#.#.###.#
#...#####....#
#.##.###.##..#
## #.###.#.##
.<.... #@#
##.## .....
#l# #.# ###.
#.# #.# #. #.#
#.# .. #.# #.#
#. #.# #.# #.
... ... #.
..... ... ##
.......


You could see an iguana (very poisoned).

Vanquished Creatures
  An iguana (D:3)
  3 adders (D:2)
  2 worms (D:2)
  A dart slug (D:1)
  7 endoplasms
  A giant cockroach (D:3)
  4 goblins (D:1)
  A hobgoblin (D:1)
  6 jackals
  2 ball pythons
  7 bats
  4 frilled lizards
  12 kobolds
  2 rats
53 creatures vanquished.

Notes
Turn   | Place    | Note
-------+----------+-------------------------------------------
     0 | D:1      | zazu2006 the Naga Hedge Wizard began the quest for the Orb.
     0 | D:1      | Reached XP level 1. HP: 15/15 MP: 4/4
   214 | D:1      | Reached XP level 2. HP: 22/22 MP: 0/6
   853 | D:1      | Reached XP level 3. HP: 28/28 MP: 1/8
   857 | D:1      | Learned a level 3 spell: Mephitic Cloud
   861 | D:1      | Learned a level 3 spell: Conjure Flame
   864 | D:1      | Learned a level 2 spell: Blink
  1845 | D:2      | Reached skill level 4 in Spellcasting
  2057 | D:2      | Reached XP level 4. HP: 21/36 MP: 3/10
  3457 | D:3      | Slain by an iguana

Illustrated notes

Levels and vault maps discovered:
D:1:      onia_arrival_pyramid, layout_basic, minmay_misc_feat_secret_circle,
          minmay_hedge_maze
D:2:      layout_loops_cross
D:3:      layout_loops_ring, slow_altar_1, hangedman_glass_teeth

Skill      XL: |  1  2  3  4 |
---------------+-------------+-----
Spellcasting   | 4 |  4.3
Conjurations   | 2 |  2.1
Fighting       | |  0.1
Armour         | |  0.9
Dodging        | |  1.8
Stealth        | |  3.0
Summonings     | |  1.0
Translocations | |  1.0
Poison Magic   | |  0.8

Action                   |  1- 3 |  4- 6 || total
-------------------------+-------+-------++-------
Melee: Dagger            |    20 |       ||    20
       Short sword       |       |    36 ||    36
 Cast: Magic Dart        |    74 |    35 ||   109
 Abil: Spit Poison       |    15 |     1 ||    16
Armor: Robe              |     1 |       ||     1
       Leather armour    |     3 |    16 ||    19
Dodge: Dodged            |    15 |    24 ||    39

Table legend: (Time is in decaauts)
 A = Elapsed time spent in this place.
 B = Non-inter-level travel time spent in this place.
 C = Inter-level travel time spent in this place.
 D = Time resting spent in this place.
 E = Time spent auto-exploring this place.
 F = Levels seen in this place.
 G = Mean time per level.
                   A        B        C        D        E       F      G
               +--------+--------+--------+--------+--------+-----+--------+
         Total |   4072 |   3951 |    121 |     58 |   3534 |   3 | 1357.3 |
       Dungeon |   4072 |   3951 |    121 |     58 |   3534 |   3 | 1357.3 |
               +--------+--------+--------+--------+--------+-----+--------+

Top non-repeatable levels by time:
     D:2: 1770 daAuts
     D:1: 1505 daAuts
     D:3: 796 daAuts
